NCAA
WASHINGTON STATE COUGARS @ BOSTON COLLEGE EAGLES
04/24/2023
 
TOP OF THE 1ST
Washington State Cougars batting - Pitching for Boston College Eagles : LHP Desi Wells
Pitching: LHP Desi Wells
Batting: RHB Ramón Román 0-0: Ball
1-0: Ball
2-0: Ball
3-0: Base on Balls
Batting: RHB José Velázquez 0-0: Called Strike
Ramón Román steals 2nd base
0-1: Ball
1-1: Ball
2-1: Ball
3-1: Base on Balls
Batting: SHB Tony Matos 0-0: Ball
1-0: SINGLE (Line Drive, 6MD)
Ramón Román to third
José Velázquez to second
Runner from 3rd tries for Home, SAFE, no throw or cutoff
Batting: LHB Allen Shepherd 0-0: Foul Ball, location: 2F
0-1: Ball
1-1: Swinging Strike
1-2: Foul Ball, location: 2F
1-2: Strikes out looking
Batting: SHB Martín Cruz 0-0: Foul Ball, location: 2F
0-1: Ball
Wild Pitch!
José Velázquez to third
Tony Matos to second
1-1: Fly out, F8 (Flyball, 8RS)
Batting: RHB Enrique Cruz 0-0: Fly out, F9 (Flyball, 89M)
Top of the 1st over - 1 run(s), 1 hit(s), 0 error(s), 2 left on base; Washington State 1 - Boston College 0
BOTTOM OF THE 1ST
Boston College Eagles batting - Pitching for Washington State Cougars : LHP Vern Murdoch
Pitching: LHP Vern Murdoch
Batting: RHB Lorenzo Mota 0-0: Foul Ball, location: 2F
0-1: Swinging Strike
0-2: Ball
1-2: Ball
2-2: Ball
3-2: Ground out 6-3 (Groundball, 6M)
Batting: LHB Davey Casey 0-0: Ball
1-0: Ball
2-0: Foul Ball, location: 2F
2-1: Ball
3-1: Fly out, F7 (Flyball, 7LS)
Batting: RHB Manny Ramírez 0-0: Swinging Strike
0-1: Foul Ball, location: 2F
0-2: Ball
1-2: Ground out 5-3 (Groundball, 6)
Bottom of the 1st over - 0 run(s), 0 hit(s), 0 error(s), 0 left on base; Washington State 1 - Boston College 0
TOP OF THE 2ND
Washington State Cougars batting - Pitching for Boston College Eagles : LHP Desi Wells
Batting: RHB Víctor Ocampo 0-0: Reached on error, E6 (Groundball, 6M)
Batting: RHB Jayson Clark 0-0: Called Strike
0-1: Swinging Strike
0-2: Ball
1-2: Foul Ball, location: 2F
1-2: Strikes out swinging
Batting: RHB Keith Ivey 0-0: Ball
1-0: Ball
2-0: Foul Ball, location: 2F
2-1: Ball
3-1: Base on Balls
Batting: RHB Ramón Román 0-0: Ball
1-0: Ball
2-0: Ball
3-0: Called Strike
3-1: Fielders Choice at 2nd, 4-6 (Groundball, 4)
Víctor Ocampo to third
Batting: RHB José Velázquez 0-0: Called Strike
Ramón Román steals 2nd base
0-1: Ball
1-1: Swinging Strike
1-2: Ground out 6-3 (Groundball, 6S)
Top of the 2nd over - 0 run(s), 0 hit(s), 1 error(s), 2 left on base; Washington State 1 - Boston College 0
BOTTOM OF THE 2ND
Boston College Eagles batting - Pitching for Washington State Cougars : LHP Vern Murdoch
Batting: LHB Dave Cook 0-0: SINGLE (Line Drive, 9LS)
Batting: RHB Vernon Sterling 0-0: Swinging Strike
0-1: Fly out, F8 (Flyball, 8LM)
Batting: RHB Mike Martin 0-0: Ball
1-0: Ball
2-0: Grounds into double play, 4-6-3 (Groundball, 4)
Bottom of the 2nd over - 0 run(s), 1 hit(s), 0 error(s), 0 left on base; Washington State 1 - Boston College 0
TOP OF THE 3RD
Washington State Cougars batting - Pitching for Boston College Eagles : LHP Desi Wells
Batting: SHB Tony Matos 0-0: Called Strike
0-1: Ball
1-1: Ground out 6-3 (Groundball, 6)
Batting: LHB Allen Shepherd 0-0: Ball
1-0: Called Strike
1-1: SINGLE (Line Drive, 56D)
Batting: SHB Martín Cruz 0-0: Ball
Allen Shepherd is caught stealing 2nd base
1-0: Fly out, F9 (Line Drive, 9M)
Top of the 3rd over - 0 run(s), 1 hit(s), 0 error(s), 0 left on base; Washington State 1 - Boston College 0
BOTTOM OF THE 3RD
Boston College Eagles batting - Pitching for Washington State Cougars : LHP Vern Murdoch
Batting: RHB Kane Cooper 0-0: Ball
1-0: Ball
2-0: Called Strike
2-1: Fly out, F8 (Line Drive, 8RM)
Batting: RHB Ambrose Brown 0-0: Ball
1-0: Bunted foul
1-1: Swinging Strike
1-2: DOUBLE (Flyball, 8LM)
Batting: RHB Pepe Chávez 0-0: Ground out U3 (Groundball, 3)
Ambrose Brown to third
Batting: RHB Lorenzo Mota 0-0: Called Strike
0-1: Swinging Strike
0-2: Ball
1-2: Foul Ball, location: 2F
1-2: Ball
2-2: Ball
3-2: Base on Balls
Batting: LHB Davey Casey 0-0: Fly out, F7 (Flyball, 7M)
Bottom of the 3rd over - 0 run(s), 1 hit(s), 0 error(s), 2 left on base; Washington State 1 - Boston College 0
TOP OF THE 4TH
Washington State Cougars batting - Pitching for Boston College Eagles : LHP Desi Wells
Batting: RHB Enrique Cruz 0-0: Ball
1-0: Swinging Strike
1-1: Called Strike
1-2: Ball
2-2: Strikes out swinging
Batting: RHB Víctor Ocampo 0-0: SINGLE (Line Drive, 9S)
Batting: RHB Jayson Clark 0-0: Fielders Choice at 2nd, 6-4 (Groundball, 6)
Batting: RHB Keith Ivey 0-0: Ball
Pickoff Throw to First - Out!
Top of the 4th over - 0 run(s), 1 hit(s), 0 error(s), 0 left on base; Washington State 1 - Boston College 0
BOTTOM OF THE 4TH
Boston College Eagles batting - Pitching for Washington State Cougars : LHP Vern Murdoch
Batting: RHB Manny Ramírez 0-0: Fly out, F8 (Flyball, 8RM)
Batting: LHB Dave Cook 0-0: Ball
1-0: Foul Ball, location: 2F
1-1: Ball
2-1: Ground out 6-3 (Groundball, 6M)
Batting: RHB Vernon Sterling 0-0: Fly out, F8 (Line Drive, 8RM)
Bottom of the 4th over - 0 run(s), 0 hit(s), 0 error(s), 0 left on base; Washington State 1 - Boston College 0
TOP OF THE 5TH
Washington State Cougars batting - Pitching for Boston College Eagles : LHP Desi Wells
Batting: RHB Keith Ivey 0-0: Fly out, F7 (Flyball, 78M)
Batting: RHB Ramón Román 0-0: Ground out 5-3 (Groundball, 5)
Batting: RHB José Velázquez 0-0: Called Strike
0-1: Swinging Strike
0-2: Strikes out swinging
Top of the 5th over - 0 run(s), 0 hit(s), 0 error(s), 0 left on base; Washington State 1 - Boston College 0
BOTTOM OF THE 5TH
Boston College Eagles batting - Pitching for Washington State Cougars : LHP Vern Murdoch
Batting: RHB Mike Martin 0-0: Ball
1-0: Called Strike
1-1: Ball
2-1: Foul Ball, location: 2F
2-2: Ball
3-2: Foul Ball, location: 2F
3-2: Foul Ball, location: 2F
3-2: Foul Ball, location: 2F
3-2: Base on Balls
Batting: RHB Kane Cooper 0-0: Ball
1-0: Grounds into double play, 4-6-3 (Groundball, 4)
Batting: RHB Ambrose Brown 0-0: Called Strike
0-1: Ball
1-1: Ball
2-1: Ball
3-1: Foul Ball, location: 2F
3-2: Strikes out swinging
Bottom of the 5th over - 0 run(s), 0 hit(s), 0 error(s), 0 left on base; Washington State 1 - Boston College 0
TOP OF THE 6TH
Washington State Cougars batting - Pitching for Boston College Eagles : LHP Desi Wells
Batting: SHB Tony Matos 0-0: Ball
1-0: Fly out, F9 (Line Drive, 9M)
Batting: LHB Allen Shepherd 0-0: Called Strike
0-1: Ball
1-1: Foul Ball, location: 2F
1-2: DOUBLE (Groundball, 3L)
Batting: SHB Martín Cruz 0-0: Intentional Walk
Batting: RHB Enrique Cruz 0-0: Called Strike
0-1: Foul Ball, location: 2F
0-2: Foul Ball, location: 2F
0-2: Ball
1-2: Ball
2-2: Ball
3-2: Foul Ball, location: 2F
3-2: Foul Ball, location: 2F
3-2: DOUBLE (Line Drive, 89M)
Allen Shepherd scores
Martín Cruz to third
Martín Cruz scores
Pitching: RHP Willie Richardson
Batting: RHB Víctor Ocampo 0-0: Ball
1-0: Ball
2-0: Called Strike
2-1: Ball
3-1: Foul Ball, location: 2F
3-2: SINGLE (Groundball, 34)
Enrique Cruz to third
Runner from 3rd tries for Home, SAFE, throw made home
Batting: RHB Jayson Clark 0-0: Ball
1-0: SINGLE (Groundball, 25) (infield hit)
Víctor Ocampo to second
Batting: RHB Keith Ivey 0-0: Ball
1-0: Called Strike
1-1: Foul Ball, location: 2F
1-2: Ball
2-2: Fielders Choice at 2nd, 2-6 (Groundball, 2R)
Víctor Ocampo to third
Batting: RHB Ramón Román 0-0: Ball
1-0: Ball
2-0: Ball
3-0: Base on Balls
Keith Ivey to second
Batting: RHB José Velázquez 0-0: Ball
1-0: Ball
2-0: Ball
3-0: Base on Balls
Víctor Ocampo scores
Keith Ivey to third
Ramón Román to second
Batting: SHB Tony Matos 0-0: Ball
1-0: Ball
2-0: Called Strike
2-1: Ball
3-1: Base on Balls
Keith Ivey scores
Ramón Román to third
José Velázquez to second
Batting: LHB Allen Shepherd 0-0: Ball
1-0: Foul Ball, location: 2F
1-1: Swinging Strike
1-2: Strikes out swinging
Top of the 6th over - 5 run(s), 4 hit(s), 0 error(s), 3 left on base; Washington State 6 - Boston College 0
BOTTOM OF THE 6TH
Boston College Eagles batting - Pitching for Washington State Cougars : LHP Vern Murdoch
Batting: RHB Pepe Chávez 0-0: Bunted foul
0-1: Ball
1-1: Ball
2-1: Fly out, F5 (Line Drive, 5L)
Batting: RHB Lorenzo Mota 0-0: Ball
1-0: Called Strike
1-1: Called Strike
1-2: Ground out 6-3 (Groundball, 6)
Batting: LHB Davey Casey 0-0: SINGLE (Line Drive, 9S)
Batting: RHB Manny Ramírez 0-0: Ball
1-0: Ball
2-0: Foul Ball, location: 2F
2-1: Ball
3-1: Base on Balls
Davey Casey to second
Batting: LHB Dave Cook 0-0: Ball
1-0: Called Strike
1-1: Foul Ball, location: 2F
1-2: Ground out 3-1 (Groundball, 34)
Bottom of the 6th over - 0 run(s), 1 hit(s), 0 error(s), 2 left on base; Washington State 6 - Boston College 0
TOP OF THE 7TH
Washington State Cougars batting - Pitching for Boston College Eagles : RHP Willie Richardson
Batting: SHB Martín Cruz 0-0: Ball
1-0: Called Strike
1-1: Swinging Strike
1-2: Fly out, F7 (Flyball, 78D)
Batting: RHB Enrique Cruz 0-0: Fly out, F7 (Flyball, 7D)
Batting: RHB Víctor Ocampo 0-0: Ground out 4-3 (Groundball, 4)
Top of the 7th over - 0 run(s), 0 hit(s), 0 error(s), 0 left on base; Washington State 6 - Boston College 0
BOTTOM OF THE 7TH
Boston College Eagles batting - Pitching for Washington State Cougars : LHP Vern Murdoch
Batting: RHB Vernon Sterling 0-0: Called Strike
0-1: Ball
1-1: Ball
2-1: Ground out 6-3 (Groundball, 6)
Pitching: LHP George Sheppard
Batting: RHB Mike Martin 0-0: Called Strike
0-1: Called Strike
0-2: Ball
1-2: Foul Ball, location: 2F
1-2: Strikes out looking
Batting: RHB Kane Cooper 0-0: Called Strike
0-1: Ball
1-1: SINGLE (Line Drive, 3D)
Batting: RHB Ambrose Brown 0-0: SINGLE (Line Drive, 7S)
Kane Cooper to second
Batting: RHB Pepe Chávez 0-0: Bunt for hit - play at first, batter OUT! 5-3
Bottom of the 7th over - 0 run(s), 2 hit(s), 0 error(s), 0 left on base; Washington State 6 - Boston College 0
TOP OF THE 8TH
Washington State Cougars batting - Pitching for Boston College Eagles : RHP Willie Richardson
Batting: RHB Jayson Clark 0-0: Fly out, F8 (Flyball, 8LM)
Pitching: RHP Ron McDonald
Batting: RHB Keith Ivey 0-0: Ball
1-0: Ball
2-0: Called Strike
2-1: Called Strike
2-2: Foul Ball, location: 2F
2-2: Strikes out swinging
Batting: RHB Ramón Román 0-0: SOLO HOME RUN (Line Drive, 7D), Distance : 347 ft
Batting: RHB José Velázquez 0-0: Foul Ball, location: 2F
0-1: Fly out, F3 (Popup, 3SF)
Top of the 8th over - 1 run(s), 1 hit(s), 0 error(s), 0 left on base; Washington State 7 - Boston College 0
BOTTOM OF THE 8TH
Boston College Eagles batting - Pitching for Washington State Cougars : LHP George Sheppard
Batting: RHB Lorenzo Mota 0-0: Ball
1-0: Called Strike
1-1: Swinging Strike
1-2: Ball
2-2: Foul Ball, location: 2F
2-2: Fly out, F9 (Flyball, 9S)
Batting: LHB Davey Casey 0-0: Ball
1-0: Called Strike
1-1: Ground out 4-3 (Groundball, 4)
Batting: RHB Manny Ramírez 0-0: Ball
1-0: Fly out, F6 (Line Drive, 6M)
Bottom of the 8th over - 0 run(s), 0 hit(s), 0 error(s), 0 left on base; Washington State 7 - Boston College 0
TOP OF THE 9TH
Washington State Cougars batting - Pitching for Boston College Eagles : RHP Ron McDonald
Pitching: LHP Mario González
Batting: SHB Tony Matos 0-0: Ball
1-0: Foul Ball, location: 2F
1-1: Ball
2-1: Ball
3-1: Fly out, F5 (Line Drive, 56)
Batting: LHB Allen Shepherd 0-0: Ball
1-0: Fly out, F7 (Flyball, 78M)
Batting: SHB Martín Cruz 0-0: Swinging Strike
0-1: Ball
1-1: Ground out 4-3 (Groundball, 4)
Top of the 9th over - 0 run(s), 0 hit(s), 0 error(s), 0 left on base; Washington State 7 - Boston College 0
BOTTOM OF THE 9TH
Boston College Eagles batting - Pitching for Washington State Cougars : LHP George Sheppard
Batting: LHB Dave Cook 0-0: Called Strike
0-1: Foul Ball, location: 2F
0-2: Ball
1-2: Ground out 6-3 (Groundball, 6MS)
Batting: RHB Vernon Sterling 0-0: Called Strike
0-1: Swinging Strike
0-2: Ball
1-2: Strikes out swinging
Batting: RHB Mike Martin 0-0: Foul Ball, location: 2F
0-1: Ball
1-1: Swinging Strike
1-2: Foul Ball, location: 2F
1-2: Ground out 6-3 (Groundball, 6)
Bottom of the 9th over - 0 run(s), 0 hit(s), 0 error(s), 0 left on base; Washington State 7 - Boston College 0
This league is powered by Out of the Park Baseball, the baseball management simulation game for PC, Mac and Linux
Wednesday, December 2nd, 2015 - OOTP Baseball 16.8 Build 38